 Dungeon Crawl Stone Soup version 0.17.0 (webtiles) character file.

99 Ijustatesigmund the Chopper (level 4, 0/58 HPs)
             Began as a Hill Orc Fighter on Nov 6, 2015.
             Succumbed to Sagrath01's ghost's poison
             ... on level 3 of the Dungeon.
             The game lasted 00:05:37 (2301 turns).

Ijustatesigmund the Chopper (Hill Orc Fighter)      Turns: 2301, Time: 00:05:37

Health: 0/58       AC: 22    Str: 18    XL:     4   Next: 72%
Magic:  4/4        EV:  2    Int:  8    God:
Gold:   95         SH: 10    Dex: 11    Spells: 0 memorised, 3 levels left

rFire  . . .     SeeInvis .     a - +1 war axe
rCold  . . .     Clarity  .     (armour currently unavailable)
rNeg   + + +     SustAt   .     c - +1 shield
rPois  +         Gourm    .     (helmet currently unavailable)
rElec  .         Spirit   .     (cloak currently unavailable)
rCorr  .         Warding  .     (gloves currently unavailable)
rMut   .         NoTele   +     (boots currently unavailable)
MR     .....                    (no amulet)
Stlth  +.........               (no ring)
                                (no ring)

@: lethally poisoned (0 -> -9), tree-form (expiring), not resistant to hostile
enchantments, very unstealthy
A: no striking features
a: no special abilities


You were on level 3 of the Dungeon.
You were not hungry.
You were a tree.
You visited 1 branch of the dungeon, and saw 4 of its levels.

You collected 95 gold pieces.

Inventory:

Hand Weapons
 a - a +1 war axe (weapon)
Armour
 b - a +0 scale mail (melded)
 c - a +1 shield (worn)
 l - a +0 helmet (melded)
Wands
 j - a wand of magic darts (18)
 o - a wand of frost (28)
Scrolls
 i - a scroll of magic mapping
 m - a scroll of enchant weapon
Potions
 d - a potion of might
 g - a potion of beneficial mutation {unknown}
 k - 2 potions of invisibility
 n - a potion of resistance
 q - a potion of brilliance
Comestibles
 e - 3 bread rations
 f - 2 slices of pizza
 p - 2 meat rations


   Skills:
 - Level 3.6 Fighting
 + Level 5.7 Axes
 + Level 3.4 Armour
 + Level 3.7 Shields


You had 3 spell levels left.
You didn't know any spells.

Dungeon Overview and Level Annotations

Branches:
Dungeon (4/15)
 Temple: D:4-7

Altars:
Cheibriados
Xom

Annotations:
D:4 Sagrath01's ghost, amateur HOGl


Message History

* * * LOW HITPOINT WARNING * * *
You feel sick.
There is a lethal amount of poison in your body!
* * * LOW HITPOINT WARNING * * *
You feel sick.
* * * LOW HITPOINT WARNING * * *
You feel sick.
* * * LOW HITPOINT WARNING * * *
You feel sick.
* * * LOW HITPOINT WARNING * * *
You feel sick.
Drink which item? (? for menu, Esc to quit)
It was a potion of flight.
Your roots keep you in place.
* * * LOW HITPOINT WARNING * * *
You feel sick.
Drink which item? (? for menu, Esc to quit)
It was a potion of cancellation.
Your magical effects are unravelling.
You feel magically purged.
You die...

##.#..# #.##.# #.....(.......
#.#..# #.##.# ####.#..####.#
#.#..# #.##.######.#...###.#
#.#..# #................##..
###.#..# ####.#######....#####
.......# #.# #...## .......# #.#
#..## .......# ###.# #..#######
#####.## ##..♣#######......... #
##.#_## #............#######.
####._..#####.....######## #.
##...^#_.#........# #.
.##≈♣..^♣#.###....# #.
....___.≈..# ##.#.# #.
##...≈...### #.#.# ##### #.
##.^...#.# #.#.#####...######.
###♣#_≈.#######.........#........


There were no monsters in sight!

Vanquished Creatures
  A worker ant (D:4)
  An adder (D:2)
  A worm (D:2)
  A giant gecko (D:3)
  4 orcs (D:3)
  6 bats
  A giant cockroach (D:3)
  5 hobgoblins
  16 jackals
  5 kobolds
  A quokka (D:3)
  A ball python (D:2)
  A giant newt (D:1)
  6 goblins
  7 rats
57 creatures vanquished.

Notes
Turn   | Place    | Note
--------------------------------------------------------------
     0 | D:1      | Ijustatesigmund the Hill Orc Fighter began the quest for the Orb.
     0 | D:1      | Reached XP level 1. HP: 19/19 MP: 1/1
   171 | D:1      | Reached XP level 2. HP: 10/26 MP: 2/2
   257 | D:1      | Reached skill level 4 in Axes
   638 | D:1      | Reached XP level 3. HP: 21/31 MP: 3/3
   867 | D:2      | Reached skill level 5 in Axes
  1243 | D:2      | Found a snail-covered altar of Cheibriados.
  1285 | D:2      | Reached XP level 4. HP: 37/39 MP: 4/4
  1477 | D:3      | Found a shimmering altar of Xom.
  1478 | D:3      | Found a shimmering altar of Xom.
  1479 | D:3      | Found a shimmering altar of Xom.
  1479 | D:3      | Found a shimmering altar of Xom.
  1479 | D:3      | Found a shimmering altar of Xom.
  1481 | D:3      | Found a shimmering altar of Xom.
  1773 | D:3      | Found a shimmering altar of Xom.
  1776 | D:3      | Found a shimmering altar of Xom.
  2110 | D:4      | Noticed Sagrath01's ghost (amateur HOGl)
  2299 | D:3      | HP: 2/58 [poisoned by Sagrath01's ghost]
  2301 | D:3      | Succumbed to Sagrath01's ghost's poison

Action                   |  1- 3 |  4- 6 || total
-------------------------+-------+-------++-------
Melee: War axe           |   115 |    56 ||   171
  Use: Scroll            |     5 |     4 ||     9
       Potion            |       |     3 ||     3
  Eat: Chunk             |     1 |     2 ||     3
       Royal jelly       |       |     1 ||     1
